 Dungeon Crawl Stone Soup version 0.21.1-1-g345015f (webtiles) character file.

532 Mgcat the Skirmisher (level 7, -2/46 HPs)
             Began as a Gargoyle Gladiator on Feb 12, 2018.
             Was an Initiate of Ru.
             Slain by a gnoll
             ... wielding a +0 halberd
              (8 damage)
             ... on level 5 of the Dungeon.
             The game lasted 00:05:37 (3133 turns).

Mgcat the Skirmisher (Gargoyle Gladiator)           Turns: 3133, Time: 00:05:37

Health: -2/46      AC: 11    Str: 18    XL:     7   Next: 24%
Magic:  7/7        EV: 11    Int: 11    God:    Ru [......]
Gold:   237        SH:  7    Dex: 13    Spells: 6/6 levels left

rFire    + . .     SeeInvis .   a - +1 war axe
rCold    . . .     Gourm    .   v - +0 buckler
rNeg     + . .     Faith    .   l - +0 ring mail
rPois    ∞         Spirit   .   j - +1 hat {Int+3}
rElec    +         Reflect  +   (no cloak)
rCorr    .         Harm     .   s - +0 pair of gloves
MR       .....                  (no boots)
Stlth    +.........             q - +4 amulet of reflection
HPRegen  0.15/turn              g - ring of protection from fire {rF+, !d}
MPRegen  0.10/turn              (no ring)

@: no status effects
A: negative energy resistance 1, electricity resistance, unbreathing,
petrification resistance, rot immunity, AC +4
a: Renounce Religion


You were on level 5 of the Dungeon.
You worshipped Ru.
Ru was noncommittal.
You were very hungry.

You visited 1 branch of the dungeon, and saw 5 of its levels.

You collected 237 gold pieces.

Inventory:

Hand Weapons
 a - a +1 war axe (weapon)
Missiles
 c - 2 tomahawks
 d - a throwing net (quivered) {=f, !d}
Armour
 j - a +1 hat of intelligence (worn)
   (You found it on level 4 of the Dungeon)
 l - a +0 ring mail (worn)
   (You found it on level 1 of the Dungeon)
 s - a +0 pair of gloves (worn)
   (You found it on level 2 of the Dungeon)
 v - a +0 buckler (worn)
   (You found it on level 3 of the Dungeon)
Jewellery
 g - a ring of protection from fire (left hand) {rF+, !d}
   (You found it on level 2 of the Dungeon)
 q - a +4 amulet of reflection (around neck)
   (You found it on level 2 of the Dungeon)
Wands
 e - a wand of polymorph (17)
   (You found it on level 4 of the Dungeon)
 u - a wand of acid (10)
   (You found it on level 3 of the Dungeon)
Scrolls
 b - a scroll of magic mapping {unknown}
 h - 5 scrolls of teleportation
 m - a scroll of noise {unknown}
 o - 2 scrolls of identify
 t - 3 scrolls of remove curse
Potions
 i - 2 potions of flight
 k - a potion of resistance {unknown}
 n - 3 potions of curing
 r - a potion of agility {unknown}
Comestibles
 f - 12 rations


   Skills:
 + Level 6.1 Fighting
 + Level 5.5 Axes
 - Level 1.7 Throwing
 - Level 2.4 Dodging


You had 6 spell levels left.
You didn't know any spells.

Dungeon Overview and Level Annotations

Branches:
Dungeon (5/15)
 Temple: D:4-7

Altars:
Ashenzari
Elyvilon
Kikubaaqudgha
Ru
Zin

Annotations:
D:3 Natasha


Innate Abilities, Weirdness & Mutations

You are resistant to torment.
Your stone body is resilient. (AC +4)
You are immune to poison.
You resist negative energy. (rN+)
You are resistant to electric shocks. (rElec)
You can survive without breathing.
You are immune to petrification.
You are immune to rotting.


Message History

There is a stone staircase leading down here.
A gnoll comes into view. It is wielding a halberd.
The gnoll shouts!
You hear a bark!
You hear an angry hiss.
A gnoll comes into view.
An adder and an ogre come into view.
The gnoll shouts!
The adder hisses angrily.
Found a stone staircase leading up.
You miss the adder. The adder bites you. The adder barely misses you.
A jackal and a gnoll come into view.
The gnoll is wielding a whip of flaming.
You block the adder's attack.
There is a stone staircase leading down here.
The adder misses you.
The gnoll shouts!
You slash the adder!
You kill the adder!
You hear a bark!
A jackal comes into view.
The jackal barks!
The gnoll hits you from afar with a halberd.
A centaur comes into view.
You see here an adder corpse.
The gnoll completely misses you.
There is a stone staircase leading down here.
You hit the gnoll.
The gnoll is moderately wounded.
You barely miss the gnoll. The gnoll hits you but does no damage.
You barely miss the gnoll. The gnoll closely misses you.
The gnoll hits you but does no damage. The gnoll closely misses you.
You hit the gnoll.
The gnoll is moderately wounded.
The gnoll hits you from afar with a halberd.
The gnoll hits you.
You closely miss the gnoll.
The gnoll is moderately wounded.
The gnoll misses you. The gnoll barely misses you.
You barely miss the gnoll.
The gnoll is moderately wounded.
The gnoll closely misses you. You block the gnoll's attack.
You closely miss the gnoll.
The gnoll is moderately wounded.
The gnoll closely misses you.
The gnoll hits you from afar with a halberd.
You see here an adder corpse.
The gnoll barely misses you.
You slash the gnoll!
The gnoll is almost dead.
You block the gnoll's attack.
You barely miss the gnoll.
The gnoll is almost dead.
The gnoll hits you but does no damage.
You hit the gnoll but do no damage.
The gnoll is almost dead.
The gnoll hits you.
You hit the gnoll.
You kill the gnoll!
You hit the jackal.
You kill the jackal!
The centaur wields a shortbow.
The centaur shoots an arrow.
The arrow hits you.
The centaur shoots an arrow.
The arrow closely misses you.
The centaur shoots an arrow.
You reflect the arrow off an invisible shield around you!
The arrow hits the centaur!
Things that are here:
a chain mail; 10 gold pieces; a jackal corpse The centaur unwields an uncursed shortbow.
The centaur misses you.
The centaur hits you but does no damage.
You slash the centaur!
The centaur is severely wounded.
The centaur hits you! The centaur hits you.
You are too injured to fight recklessly!
You are too injured to fight recklessly!
You are too injured to fight recklessly!
You are too injured to fight recklessly!
You slash the centaur!
You kill the centaur!
You have reached level 7!
You barely miss the jackal. The jackal closely misses you.
You block the jackal's attack.
You barely miss the jackal.
The jackal bites you but does no damage.
The jackal barely misses you.
You slash the jackal!
You kill the jackal!
You slash the ogre!
The ogre is severely wounded.
The ogre hits you with a giant club!
* * * LOW HITPOINT WARNING * * *
You block the gnoll's attack.
You hit the ogre.
The ogre is severely wounded.
The ogre barely misses you.
The gnoll hits you from afar with a halberd.
* * * LOW HITPOINT WARNING * * *
You slash the ogre!
You kill the ogre!
Your Fighting skill increases to level 6!
The gnoll hits you from afar with a halberd!
You die...

#.# #.# . #.# .## #.# ...
#.# . #.##### #.#
...#..... #)#
........################.#
.........>gg)@[(...(.....#
<.......##################
..>#...## . ####


You could see 2 gnolls.

Vanquished Creatures
  A centaur (D:5)
  An ogre (D:5)
  A crimson imp (D:5)
  A hound (D:4)
  An orc wizard (D:4)
  Natasha (D:3)
  4 worker ants (D:4)
  A gnoll (D:5)
  5 adders
  3 oozes
  An adder zombie (D:5)
  2 worms
  3 dart slugs
  6 leopard geckos
  9 orcs
  3 giant cockroaches
  7 goblins
  3 hobgoblins
  2 jackals (D:5)
  3 ball pythons
  A ball python skeleton (D:4)
  8 bats
  4 frilled lizards
  A kobold (D:1)
  11 rats
83 creatures vanquished.

Notes
Turn   | Place    | Note
-------+----------+-------------------------------------------
     0 | D:1      | Mgcat the Gargoyle Gladiator began the quest for the Orb.
     0 | D:1      | Reached XP level 1. HP: 12/12 MP: 1/1
   151 | D:1      | Reached skill level 3 in Axes
   151 | D:1      | Reached XP level 2. HP: 11/18 MP: 2/2
   718 | D:1      | Reached skill level 3 in Fighting
   834 | D:2      | Reached XP level 3. HP: 18/23 MP: 3/3
   975 | D:2      | Found an ancient bone altar of Kikubaaqudgha.
  1025 | D:2      | Reached XP level 4. HP: 23/28 MP: 4/4
  1354 | D:3      | Found a white marble altar of Elyvilon.
  1453 | D:3      | Found a glowing silver altar of Zin.
  1515 | D:3      | Reached skill level 4 in Fighting
  1646 | D:3      | Reached skill level 4 in Axes
  1698 | D:3      | Noticed Natasha
  1703 | D:3      | Killed Natasha
  1703 | D:3      | Reached XP level 5. HP: 33/33 MP: 5/5
  1979 | D:3      | Noticed Natasha
  2259 | D:4      | Found a shattered altar of Ashenzari.
  2416 | D:4      | Reached XP level 6. HP: 40/40 MP: 6/6
  2484 | D:4      | Reached skill level 5 in Fighting
  2864 | D:5      | Entered Level 5 of the Dungeon
  2872 | D:5      | Found a sacrificial altar of Ru.
  2896 | D:5      | Reached skill level 5 in Axes
  2913 | D:5      | Became a worshipper of Ru the Awakened
  3127 | D:5      | Reached XP level 7. HP: 25/45 MP: 7/7
  3132 | D:5      | HP: 6/45 [gnoll/halberd (6)]
  3133 | D:5      | Reached skill level 6 in Fighting
  3133 | D:5      | Slain by a gnoll

Skill      XL: |  1  2  3  4  5  6  7 |
---------------+----------------------+-----
Axes           | 3 4 5 |  5.5
Fighting       | 3 4 5 6 |  6.1
Throwing       | |  1.7
Dodging        | |  2.4

Action                   |  1- 3 |  4- 6 |  7- 9 || total
-------------------------+-------+-------+-------++-------
Melee: War axe           |    70 |   149 |     6 ||   225
Throw: Throwing net      |       |     2 |       ||     2
  Use: Scroll            |       |     6 |       ||     6
  Eat: Chunk             |       |     6 |       ||     6
Armor: Leather armour    |    15 |       |       ||    15
       Ring mail         |    38 |    53 |     1 ||    92
Dodge: Dodged            |    52 |    80 |     3 ||   135
Block: Other             |     5 |    20 |       ||    25
       Reflection        |     2 |     4 |       ||     6
       Buckler           |       |    40 |     2 ||    42

Vault maps used:
D:1:      roderic_chinese_lattice_arrival
D:2:      old_standard_altar, first_ration, corner_web_ring
D:3:      zin_scriptorium, elyvilon_altar_1, uniq_natasha
D:4:      lemuel_crystal_altar
D:5:      nicolae_ru_awakened_eye

Table legend:
 A = Turns spent in this place as a percentage of turns spent in the entire game.
 B = Non-inter-level travel turns spent in this place as a percentage of non-inter-level travel turns spent in the entire game.
 C = Inter-level travel turns spent in this place as a percentage of turns spent in this place.
 D = Turns resting spent in this place as a percentage of non-inter-level travel turns spent in this place.
 E = Turns spent auto-exploring this place as a percentage of non-inter-level travel turns spent in this place.
 F = Non-inter-level travel turns spent in this place divided by the number of levels of this place that you've seen.
                   A       B       C       D       E      F
               +-------+-------+-------+-------+-------+----------------------
         Total | 100.0 | 100.0 |   3.6 |   7.0 |  75.9 | 604.2
       Dungeon | 100.0 | 100.0 |   3.6 |   7.0 |  75.9 | 604.2
               +-------+-------+-------+-------+-------+----------------------

Table legend:
 A = Kills in this place as a percentage of kills in entire the game.
 B = Kills by you in this place as a percentage of kills by you in the entire game.
 C = Kills by friends in this place as a percentage of kills by friends in the entire game.
 D = Other kills in this place as a percentage of other kills in the entire game.
 E = Experience gained in this place as a percentage of experience gained in the entire game.
 F = Experience gained in this place divided by the number of levels of this place that you have seen.
                   A       B       C       D       E      F
               +-------+-------+-------+-------+-------+----------------------
         Total | 100.0 | 100.0 |   N/A |   N/A | 100.0 | 152.2
       Dungeon | 100.0 | 100.0 |   N/A |   N/A | 100.0 | 152.2
               +-------+-------+-------+-------+-------+----------------------
